 Dungeon Crawl Stone Soup version 0.30-a0-586-g23e55c9e0a (webtiles) character file.

Game seed: 17283959251084026777

113 Dirtsage the Slasher (level 4, -6/35 HPs)
             Began as a Demonspawn Monk on Jan 3, 2023.
             Shot with a bolt by an orc warrior (9 damage)
             ... on level 3 of the Dungeon.
             The game lasted 00:04:29 (1935 turns).

Dirtsage the Slasher (Demonspawn Monk)              Turns: 1935, Time: 00:04:29

Health: -6/35      AC:  6    Str: 11    XL:     4   Next: 65%
Magic:  0/4        EV: 11    Int: 12    God:
Gold:   125        SH:  0    Dex: 17    Spells: 3/3 levels left

rFire   + . .      SeeInvis .    a - +0 falchion
rCold   + . .      Faith    .    (no shield)
rNeg    . . .      Spirit   +    e - +0 ring mail
rPois   +          Reflect  .    (helmet restricted)
rElec   +          Harm     .    (no cloak)
rCorr   +          Rampage  .    (no gloves)
Will    .....                    j - +0 pair of boots
Stlth   +                        (no amulet)
HPRegen 0.25/turn                (no ring)
MPRegen 0.18/turn                (no ring)

@: resistant
A: horns 1, magic shield, magic regeneration
a: no special abilities


You were on level 3 of the Dungeon.
You visited 1 branch of the dungeon, and saw 3 of its levels.

You collected 158 gold pieces.
You spent 33 gold pieces at shops.

Inventory:

Hand Weapons
 a - a +0 falchion (weapon)
Missiles
 k - 3 datura-tipped darts (quivered)
Armour
 b - a +0 robe
 e - a +0 ring mail (worn)
 j - a +0 pair of boots (worn)
Scrolls
 d - a scroll of immolation {unknown}
 f - 2 scrolls of noise {unknown}
 h - a scroll of poison {unknown}
 l - a scroll of identify {unknown}
Potions
 q - 2 potions of curing


   Skills:
 - Level 3.0 Fighting
 * Level 5.0 Long Blades
 - Level 2.6 Dodging
 - Level 1.7 Stealth


You had 3 spell levels left.
You didn't know any spells.
Your spell library contained the following spells:

 Spells                   Type           Power      Damage    Failure   Level
 Frozen Ramparts          Ice            0%         1d1       94%         3
 Ice Form                 Ice/Tmut       0%         N/A       100%        4
 Summon Ice Beast         Ice/Summ       0%         N/A       100%        4


Dungeon Overview and Level Annotations

Branches:
Dungeon (3/15)

Altars:

Shops:
D:1 !


Innate Abilities, Weirdness & Mutations

You have a pair of small horns on your head.
When hurt, damage is shared between your health and your magic reserves.
You regenerate magic rapidly.


Message History

You regained 5 hp, and now have 14/35 hp.
MP restored: 4 You're too confused to move!
Something hits you but does no damage. The orc hits you but does no damage.
The orc wizard hits you with a +1 dagger of electrocution.
You regained 3 hp, and now have 17/35 hp.
The orc wizard attacks as you move away!
The orc wizard hits you with a +1 dagger of electrocution.
You feel less invigorated.
You completely miss something. Your headbutt misses something.
Something hits you but does no damage. x2
You bump into the rock wall.
Something hits you but does no damage.
You bump into the rock wall.
You float gracefully downwards.
Something hits you.
You take 3 damage, and have 16/35 hp.
You now have 3/4 mp.
You barely miss something. You headbutt something.
You bump into the rock wall.
Non-targeted confused throw: 3 darts (datura)
Press: ? - help, Dir - look around, f - activate You can't see that place. [the floor.]
Okay, then.
Non-targeted confused throw: 3 darts (datura)
Press: ? - help, Dir - look around, f - activate Look: an orc warrior, wielding a +0 flail and wearing a +0 chain mail (lightly wounded)
Okay, then.
You bump into the rock wall.
The orc warrior hits you with a +0 flail.
You bump into the rock wall.
The orc warrior hits you with a +0 flail!
* * * LOW HITPOINT WARNING * * *
You take 14 damage, and have 2/35 hp.
MASSIVE DAMAGE!!
You now have 0/4 mp.
The orc warrior unwields a +0 flail.
The orc warrior wields a +0 arbalest.
The orc warrior shoots a bolt.
The bolt barely misses you.
You feel better.
The orc warrior shoots a bolt.
The bolt hits you!
* * * LOW HITPOINT WARNING * * *
The orc wizard mumbles some strange words.
The orc wizard flickers and vanishes!
The orc warrior shoots a bolt.
The bolt hits you!
You die...

..# ..
..#....#
#####.#....#
..........#
#..)#o...# #
#...#....#.#
#.(<'......#
######o##....#
#.@..o{.†....#
#.####.##.#+##
#. ....#.#
#.#.....#.#
..#.....#..
........###
..........
####.....#


You could see an orc warrior and an orc.

Vanquished Creatures
  Robin (D:2)
  4 adders (D:2)
  2 worms (D:2)
  An orc (D:3)
  3 endoplasms
  2 giant cockroaches (D:2)
  11 goblins
  8 hobgoblins
  3 jackals (D:2)
  3 quokkas
  6 ball pythons
  4 frilled lizards
  3 kobolds
  3 rats (D:2)
54 creatures vanquished.

Notes
Turn   | Place    | Note
-------+----------+-------------------------------------------
     0 | D:1      | Dirtsage the Demonspawn Monk began the quest for the Orb.
     0 | D:1      | Reached XP level 1. HP: 18/18 MP: 1/1
   106 | D:1      | Reached skill level 3 in Long Blades
   161 | D:1      | Gained mutation: You regenerate magic rapidly. [demonic
                  | ancestry]
   161 | D:1      | Reached XP level 2. HP: 19/24 MP: 2/2
   256 | D:1      | Found Efedepah's Distillery.
   306 | D:1      | Bought a potion of curing for 33 gold pieces
   912 | D:2      | Gained mutation: When hurt, damage is shared between your
                  | health and your magic reserves. [demonic ancestry]
   912 | D:2      | Reached XP level 3. HP: 28/29 MP: 3/3
   990 | D:2      | Reached skill level 4 in Long Blades
  1282 | D:2      | Identified the +3 helmet of the Tanner {+Blink rN+ Will+}
  1282 | D:2      | Noticed Robin
  1310 | D:2      | Gained mutation: You have a pair of small horns on your
                  | head. [demonic ancestry]
  1310 | D:2      | Reached XP level 4. HP: 20/35 MP: 2/4
  1315 | D:2      | Killed Robin
  1900 | D:3      | Noticed an orc warrior
  1908 | D:3      | Reached skill level 5 in Long Blades
  1935 | D:3      | Shot with a bolt by an orc warrior

Illustrated notes

Levels and vault maps discovered:
D:1:      dpeg_arrival_arbitrary_c, layout_basic, serial_shops,
          nicolae_shop_stone, serial_forest, infiniplex_forest_side_room,
          infiniplex_forest_lined_room_3, infiniplex_forest_lined_corner,
          infiniplex_forest_lined_room_2, infiniplex_forest_clump_tiny,
          infiniplex_forest_corner_2, infiniplex_forest_clump_long
D:2:      layout_basic, chequers_decorated_corner, grunt_decor_junction,
          chequers_serial_rivers_micro_b, uniq_robin
D:3:      layout_basic, uniq_ijyb

Skill      XL: |  1  2  3  4 |
---------------+-------------+-----
Long Blades    | 3 4 5 |  5.0
Fighting       | |  3.0
Dodging        | |  2.6
Stealth        | |  1.7

Action                   |  1- 3 |  4- 6 || total
-------------------------+-------+-------++-------
Melee: Falchion          |   133 |    51 ||   184
       Punch             |     1 |       ||     1
       Headbutt          |       |    10 ||    10
Throw: Dart              |       |     1 ||     1
  Use: Potion            |       |     4 ||     4
 Stab: Sleeping          |     4 |       ||     4
       Distracted        |       |     1 ||     1
Armor: Ring mail         |    63 |    32 ||    95
Dodge: Dodged            |    65 |    29 ||    94

Table legend: (Time is in decaauts)
 A = Elapsed time spent in this place.
 B = Non-inter-level travel time spent in this place.
 C = Inter-level travel time spent in this place.
 D = Time resting spent in this place.
 E = Time spent auto-exploring this place.
 F = Levels seen in this place.
 G = Mean time per level.
                   A        B        C        D        E       F      G
               +--------+--------+--------+--------+--------+-----+--------+
         Total |   1953 |   1872 |     81 |      0 |   1475 |   3 |  651.0 |
       Dungeon |   1953 |   1872 |     81 |      0 |   1475 |   3 |  651.0 |
               +--------+--------+--------+--------+--------+-----+--------+

Top non-repeatable levels by time:
     D:2: 1003 daAuts
     D:1: 910 daAuts
     D:3: 38 daAuts
